cohdb
Replays
Latest Replays
All Replays
Popular Replays
Top Player Replays
Match Explorer
How It Works
Community
CoH3 Stats
Reddit
Sign in to upload your games and track your stats! →
Sign in with Steam
Match 32783564
Unlisted
Match 32783564
Overview
Messages
Build Orders
End
Selects Special Operations Battlegroup
Selects M29 Weasel Recon Vehicle
Construct Barracks
Riflemen Squad
Engineer Squad
Construct Weapon Support Center
Selects M29 Weasel with M1 Pack Howitzer
M29 Weasel with M1 Pack Howitzer
Mechanized Support Center
Selects Raiding Flares
M3 75 mm Gun Motor Carriage
Designate Forward Repair Station
Selects SSF Commando Squad
SSF Commando Squad
SSF Commando Squad
Construct Tank Depot
Selects Air Re-supply Operation
Air Re-Supply Operation
SSF Commando Squad
Engineer Squad
M4(105) Sherman Bulldozer
Selects Mark Vehicle
M18 Hellcat Tank Destroyer
Mark Vehicle
M18 Hellcat Tank Destroyer
Mark Vehicle
chiuchiu63333
Xaery [FR]
LuiSBa
Nukepapa
0
0
Comments
sign in to comment!
No comments posted yet!